 Dungeon Crawl Stone Soup version 0.20.1-1-g8b1a95d (webtiles) character file.

8960 Megalobster the Destroyer (level 11, 0/61 HPs)
             Began as a Deep Elf Conjurer on July 28, 2017.
             Was a Priest of Vehumet.
             Hit by a large rock thrown by a cyclops (36 damage)
             ... on level 9 of the Dungeon.
             The game lasted 01:01:10 (11554 turns).

Megalobster the Destroyer (Deep Elf Conjurer)      Turns: 11554, Time: 01:01:10

Health: 0/61       AC:  5    Str:  5    XL:     11   Next: 16%
Magic:  10/26      EV: 16    Int: 27    God:    Vehumet [***...]
Gold:   494        SH:  3    Dex: 15    Spells: 2/28 levels left

rFire    . . .     SeeInvis .   L - staff of energy
rCold    . . .     Gourm    .   K - +0 buckler
rNeg     . . .     Faith    .   a - +0 robe
rPois    .         Spirit   .   (no helmet)
rElec    .         Reflect  .   (no cloak)
rCorr    .         Harm     .   (no gloves)
MR       ++...                  I - +2 pair of boots
Stlth    ++++......             e - amulet of rage
Regen    0.2/turn               C - +3 ring of intelligence
MPRegen  0.2/turn               z - ring of protection from magic

@: no status effects
A: no striking features
a: Renounce Religion, Evoke Berserk Rage


You were on level 9 of the Dungeon.
You worshipped Vehumet.
Vehumet was most pleased with you.
You were not hungry.

You visited 2 branches of the dungeon, and saw 10 of its levels.
You also visited: Sewer and Bailey.

You collected 494 gold pieces.

Inventory:

Hand Weapons
 h - a +0 short sword
 u - a +0 blowgun
Missiles
 j - 217 stones (quivered)
 v - 44 poisoned needles
Armour
 a - a +0 robe (worn)
 I - a +2 pair of boots (worn)
 K - a +0 buckler (worn)
 Q - a +2 ring mail of cold resistance
Magical Staves
 L - an uncursed staff of energy (weapon)
Jewellery
 e - an amulet of rage (around neck)
 z - a ring of protection from magic (right hand)
 C - a +3 ring of intelligence (left hand)
 W - an uncursed ring of see invisible {unknown}
 X - a cursed ring of teleportation {unknown}
Wands
 n - a wand of random effects (32/48)
 y - a wand of acid (9/15)
 G - a wand of flame (20/48)
Scrolls
 c - 3 scrolls of magic mapping
 k - 4 scrolls of enchant armour
 l - 6 scrolls of remove curse
 o - 5 scrolls of immolation
 s - 9 scrolls of teleportation {unknown}
 B - 2 scrolls of enchant weapon
 D - a scroll of fog {unknown}
 H - a scroll of noise {unknown}
 N - a scroll of blinking {unknown}
 O - a scroll of recharging {unknown}
Potions
 d - 2 potions of lignification
 g - a potion of ambrosia {unknown}
 i - a potion of brilliance {unknown}
 q - 6 potions of curing
 r - 3 potions of haste
 t - 2 potions of might
 w - 2 potions of magic
 A - a potion of flight {unknown}
 E - a potion of heal wounds {unknown}
 P - a potion of invisibility {unknown}
 S - a potion of mutation {unknown}
Books
 b - a book of Conjurations

   Spells                             Type                      Level
   a - Magic Dart                     Conjuration                  1
   b - Searing Ray                    Conjuration                  2
   c - Dazzling Spray                 Conjuration/Hexes            3
   d - Fulminant Prism                Conjuration/Hexes            4
   e - Force Lance                    Conjuration/Translocation    4
   f - Iskenderun's Mystic Blast      Conjuration                  4
 F - a Young Poisoner's Handbook

   Spells                             Type                      Level
   a - Sting                          Conjuration/Poison           1
   b - Poisonous Vapours              Poison/Air                   2
   c - Mephitic Cloud                 Conjuration/Poison/Air       3
   d - Olgreb's Toxic Radiance        Poison                       4
   e - Venom Bolt                     Conjuration/Poison           5
 V - a book of Flames

   Spells                             Type                      Level
   a - Flame Tongue                   Conjuration/Fire             1
   b - Throw Flame                    Conjuration/Fire             2
   c - Conjure Flame                  Conjuration/Fire             3
   d - Inner Flame                    Hexes/Fire                   3
   e - Sticky Flame                   Conjuration/Fire             4
   f - Fireball                       Conjuration/Fire             5
 Y - a book of Battle

   Spells                             Type                      Level
   a - Infusion                       Charms                       1
   b - Shroud of Golubria             Charms/Translocation         2
   c - Song of Slaying                Charms                       2
   d - Spectral Weapon                Hexes/Charms                 3
   e - Regeneration                   Charms/Necromancy            3
Miscellaneous
 m - a lamp of fire
Comestibles
 f - 3 meat rations
 p - 5 royal jellies
 x - 6 bread rations
 J - 8 chunks of flesh
 T - 12 fruits


   Skills:
 - Level 4.0 Fighting
 + Level 7.0 Dodging
 - Level 7.8 Stealth
 * Level 0.2 Shields
 + Level 9.0 Spellcasting
 * Level 11.2 Conjurations
 - Level 4.8 Hexes
 - Level 4.4 Translocations
 + Level 7.2 Fire Magic
 * Level 1.9 Evocations


You had 2 spell levels left.
You knew the following spells:

 Your Spells              Type           Power        Failure   Level  Hunger
a - Magic Dart            Conj           ####         1%          1    None
b - Searing Ray           Conj           ######       1%          2    None
c - Iskenderun's Mystic   Conj           ######..     1%          4    None
d - Fulminant Prism       Conj/Hex       ######....   1%          4    None
e - Force Lance           Conj/Tloc      ######..     1%          4    None
f - Flame Tongue          Conj/Fire      #####        1%          1    None
g - Fireball              Conj/Fire      ######....   1%          5    None
h - Conjure Flame         Conj/Fire      ######..     1%          3    None
i - Shroud of Golubria    Chrm/Tloc      ###.......   4%          2    None


Dungeon Overview and Level Annotations

Branches:
Dungeon (9/15)             Temple (1/1) D:5             Orc (0/2) D:9
   Lair: D:8-11

Altars:
Ashenzari
Cheibriados
Dithmenos
Elyvilon
Fedhas
Gozag
Hepliaklqana
Kikubaaqudgha
Makhleb
Nemelex Xobeh
Okawaru
Qazlal
Ru
Sif Muna
Trog
Uskayaw
Vehumet
Xom
Yredelemnul
Zin
The Shining One


Message History

The orb of energy hits the cyclops.
The cyclops is heavily wounded.
Casting: Iskenderun's Mystic Blast
Confirm with . or Enter, or press ? or * to list all spells.
Aiming: Iskenderun's Mystic Blast
Press: ? - help, Shift-Dir - straight line, f/p - cyclops
Aim: a cyclops (heavily wounded)
The orb of energy hits the cyclops.
The cyclops is severely wounded.
The cyclops throws a large rock.
The large rock hits you!!
Casting: Iskenderun's Mystic Blast
Confirm with . or Enter, or press ? or * to list all spells.
Aiming: Iskenderun's Mystic Blast
Press: ? - help, Shift-Dir - straight line, f/p - cyclops
Aim: a cyclops (severely wounded)
The orb of energy hits the cyclops.
The cyclops is almost dead.
The cyclops throws a large rock.
The large rock hits you!!!
Ouch! That really hurt!
You die...

###### ###.....
####......#
#######....#....#
######.......#####.###
#...$@.########.......
#....### ###........
#.?.. .........♣♣
....... ####..#).##
###..C. #.##[.# #....
##.. #..## #....
#..###.... #....
#.###[.... #.#.))##..


You could see a cyclops.

Vanquished Creatures
  A hydra (D:8)
  Erica (D:8)
  2 two-headed ogres (D:8)
  The ghost of Milesaru the Markscentaur, a novice CeAM of Okawaru (D:8)
  2 dream sheep (D:8)
  3 hippogriffs
  2 yaks (D:8)
  Eustachio (D:5)
  The ghost of Frank the Skirmisher, an amateur OpMo (D:4)
  A chaos spawn (D:9)
  A water moccasin (D:8)
  4 orc warriors (D:9)
  A sky beast (D:7)
  2 necrophages (D:8)
  5 ogres
  5 centaurs
  4 big kobolds
  4 bullfrogs
  2 gnoll sergeants
  A water moccasin zombie (D:5)
  A wyvern skeleton (D:9)
  6 killer bees
  A howler monkey (D:7)
  5 wights (D:8)
  3 crimson imps
  5 hounds
  A quasit (D:8)
  8 orc priests
  3 jellies
  5 orc wizards
  4 worker ants
  A killer bee zombie (D:8)
  A hound zombie (D:6)
  9 gnolls
  2 howler monkey skeletons
  19 adders
  2 river rats (D:3)
  2 shadow imps
  2 adder skeletons
  2 worms
  3 dart slugs
  3 leopard geckos
  25 orcs
  6 ball pythons
  9 bats
  6 giant cockroaches
  7 goblins
  9 hobgoblins
  17 jackals
  26 kobolds
  2 quokkas
  3 frilled lizards
  A leopard gecko zombie (D:5)
  12 rats
  A plant (Sewer)
256 creatures vanquished.

Vanquished Creatures (others)
  49 fulminant prisms
  4 plants
53 creatures vanquished.

Grand Total: 309 creatures vanquished

Notes
Turn   | Place    | Note
-------+----------+-------------------------------------------
     0 | D:1      | Megalobster the Deep Elf Conjurer began the quest for the Orb.
     0 | D:1      | Reached XP level 1. HP: 10/10 MP: 6/6
   255 | D:1      | Reached XP level 2. HP: 15/15 MP: 4/8
   302 | D:1      | Learned a level 2 spell: Searing Ray
   476 | D:1      | Reached skill level 5 in Conjurations
  1307 | D:2      | Reached XP level 3. HP: 19/19 MP: 7/10
  1591 | D:2      | You fall through a shaft!
  1657 | D:3      | Reached XP level 4. HP: 24/24 MP: 8/12
  1663 | D:3      | Learned a level 4 spell: Iskenderun's Mystic Blast
  1669 | D:3      | Learned a level 4 spell: Fulminant Prism
  1947 | D:3      | Reached skill level 1 in Hexes
  2075 | D:3      | Found a glowing drain.
  2078 | D:3      | Reached skill level 6 in Conjurations
  2095 | Sewer    | Entered a sewer
  2237 | Sewer    | Reached XP level 5. HP: 28/28 MP: 8/13
  4057 | D:4      | Noticed Frank's ghost (amateur OpMo)
  4702 | D:4      | Reached XP level 6. HP: 32/32 MP: 11/15
  4740 | D:4      | Killed Frank's ghost
  4740 | D:4      | Reached skill level 5 in Spellcasting
  4740 | D:4      | Reached skill level 7 in Conjurations
  4863 | D:5      | Entered Level 5 of the Dungeon
  4979 | D:5      | Learned a level 4 spell: Force Lance
  4980 | D:5      | Found a staircase to the Ecumenical Temple.
  4986 | D:5      | Reached XP level 7. HP: 36/36 MP: 9/17
  5032 | D:5      | Reached skill level 1 in Translocations
  5325 | D:5      | Noticed Eustachio
  5376 | D:5      | Killed Eustachio
  5534 | D:5      | Found a stormy altar of Qazlal.
  5553 | D:5      | Reached skill level 8 in Conjurations
  5599 | D:5      | Reached XP level 8. HP: 15/41 MP: 0/18
  5820 | Temple   | Entered the Ecumenical Temple
  5858 | Temple   | Became a worshipper of Vehumet
  6303 | D:6      | Reached * piety under Vehumet
  6303 | D:6      | Offered knowledge of Flame Tongue by Vehumet.
  6408 | D:5      | Learned a level 1 spell: Flame Tongue
  6710 | D:6      | Noticed a hippogriff
  6718 | D:6      | Killed a hippogriff
  6718 | D:6      | Reached skill level 1 in Fire Magic
  6834 | D:6      | Reached skill level 5 in Stealth
  7185 | D:7      | Reached skill level 1 in Fighting
  7798 | D:7      | Reached skill level 9 in Conjurations
  7905 | D:7      | Reached XP level 9. HP: 41/47 MP: 13/21
  8026 | D:8      | Noticed Erica
  8028 | D:8      | Noticed a two-headed ogre
  8247 | D:8      | Killed a two-headed ogre
  8247 | D:8      | Reached skill level 5 in Dodging
  8257 | D:8      | Noticed a two-headed ogre
  8378 | D:8      | Killed Erica
  8378 | D:8      | Reached skill level 5 in Fire Magic
  8384 | D:8      | Killed a two-headed ogre
  8384 | D:8      | Reached skill level 10 in Conjurations
  8384 | D:8      | Reached XP level 10. HP: 55/55 MP: 6/23
  8485 | D:8      | Found a flagged portal.
  8494 | Bailey   | Entered a bailey
  8535 | Bailey   | Offered knowledge of Freeze by Vehumet.
  8548 | Bailey   | Noticed an orc knight
  8554 | Bailey   | Noticed an orc knight
  8630 | D:8      | Reached ** piety under Vehumet
  8967 | D:8      | Noticed Milesaru's ghost (novice CeAM)
  9000 | D:8      | Killed Milesaru's ghost
  9951 | D:8      | Noticed a two-headed hydra
  9958 | D:8      | Killed a two-headed hydra
 10417 | D:8      | Reached skill level 11 in Conjurations
 10453 | D:8      | Reached XP level 11. HP: 60/60 MP: 16/25
 10601 | D:9      | Offered knowledge of Conjure Flame by Vehumet.
 10607 | D:9      | Learned a level 3 spell: Conjure Flame
 10674 | D:9      | Learned a level 5 spell: Fireball
 10679 | D:9      | Learned a level 2 spell: Shroud of Golubria
 10919 | D:9      | Reached skill level 1 in Evocations
 11344 | D:9      | Reached *** piety under Vehumet
 11500 | D:9      | Found a staircase to the Orcish Mines.
 11554 | D:9      | Hit by a large rock thrown by a cyclops

Skill      XL: |  1  2  3  4  5  6  7  8  9 10 11 |
---------------+----------------------------------+-----
Conjurations   | 5 6 7 8 9 10 11 | 11.2
Spellcasting   | 4 5 6 7 8 9 |  9.0
Hexes          | 1 2 3 4 |  4.8
Stealth        | 3 4 5 6 7 |  7.8
Translocations | 2 3 4 |  4.4
Dodging        | 3 4 5 6 7 |  7.0
Fire Magic     | 2 5 7 |  7.2
Fighting       | 1 2 3 4 |  4.0
Evocations     | 1 |  1.9
Shields        | |  0.2

Action                   |  1- 3 |  4- 6 |  7- 9 | 10-12 || total
-------------------------+-------+-------+-------+-------++-------
Melee: Unarmed           |    10 |       |       |       ||    10
       Short sword       |    10 |    45 |       |       ||    55
       Staff             |       |       |       |     1 ||     1
 Cast: Magic Dart        |    35 |    60 |    43 |    43 ||   181
       Searing Ray       |     8 |    25 |     6 |    21 ||    60
       Fulminant Prism   |       |     5 |    25 |    19 ||    49
       Iskenderun's Myst |       |     7 |    20 |    22 ||    49
       Force Lance       |       |       |    18 |    17 ||    35
       Flame Tongue      |       |       |    20 |    40 ||    60
       Conjure Flame     |       |       |       |     5 ||     5
       Fireball          |       |       |       |     4 ||     4
       Shroud of Golubri |       |       |       |     2 ||     2
  Use: Scroll            |       |       |    10 |     3 ||    13
  Eat: Chunk             |     1 |     2 |     6 |     7 ||    16
       Bread ration      |     1 |     1 |       |       ||     2
       Meat ration       |       |     1 |       |       ||     1
       Fruit             |       |     1 |       |       ||     1
       Royal jelly       |       |       |     2 |     1 ||     3
Armor: Robe              |     7 |     6 |     5 |     9 ||    27
Dodge: Dodged            |    15 |    40 |    30 |    31 ||   116
